 Dungeon Crawl Stone Soup version 0.28.0-45-g0d030f2227 (webtiles) character file.

Game seed: 16799908798058017662

3854 Kaptain the Geomancer (level 10, 0/61 HPs)
             Began as a Gargoyle Earth Elementalist on Apr 14, 2022.
             Shot with a bolt by an orc warrior (20 damage)
             ... in a bailey.
             The game lasted 00:21:23 (10208 turns).

Kaptain the Geomancer (GrEE)                       Turns: 10208, Time: 00:21:23

Health: 0/61       AC: 19    Str: 13    XL:     10   Next: 18%
Magic:  13/19      EV: 12    Int: 19    God:
Gold:   348        SH:  0    Dex: 10    Spells: 17/21 levels left

rFire   . . .      SeeInvis .   A - staff of conjuration
rCold   . . .      Faith    .   (no shield)
rNeg    + . .      Spirit   .   F - +2 robe {Will+}
rPois   ∞          Reflect  .   (no helmet)
rElec   +          Harm     .   e - +0 cloak
rCorr   .          Rampage  .   g - +1 pair of gloves
Will    ++...                   (no boots)
Stlth   ++........              G - amulet of regeneration
HPRegen 1.00/turn               n - +4 ring of protection
MPRegen 0.16/turn               j - ring of willpower

@: no status effects
A: sickness immunity, AC +7, negative energy resistance 1, electricity
resistance, torment resistance 1, petrification resistance
a: no special abilities


You were in a bailey.
You visited 2 branches of the dungeon, and saw 9 of its levels.
You also visited: Sewer and Bailey.

You collected 348 gold pieces.

Inventory:

Hand Weapons
 c - a +0 mace
 f - a +1 hand axe
 h - a +0 hunting sling
 z - a +0 rapier
 E - a +0 arbalest
 K - a +2 short sword
Missiles
 m - 91 stones (quivered)
 y - 45 sling bullets
 J - 94 bolts
Armour
 e - a +0 cloak (worn)
 g - a +1 pair of gloves (worn)
 v - a +0 buckler
 F - a +2 robe of willpower (worn)
Magical Staves
 A - a staff of conjuration (weapon)
Jewellery
 j - a ring of willpower (right hand)
 n - a +4 ring of protection (left hand)
 o - a ring of positive energy
 D - a ring of resist corrosion
 G - an amulet of regeneration (around neck)
 I - a +4 ring of evasion
Wands
 q - a wand of iceblast (9)
 x - a wand of polymorph (13)
 B - a wand of flame (22)
 L - a wand of paralysis (5)
Scrolls
 a - 4 scrolls of teleportation
 b - a scroll of identify
 k - a scroll of fog
 r - a scroll of enchant armour
Potions
 d - 2 potions of lignification
 i - 4 potions of heal wounds
 l - 4 potions of flight
 p - a potion of mutation
 s - a potion of invisibility
 t - 3 potions of magic
 u - a potion of brilliance
 w - a potion of curing
 C - a potion of might
 H - 2 potions of haste


   Skills:
 * Level 6.8 Fighting
 + Level 4.6 Armour
 - Level 2.4 Dodging
 - Level 2.1 Stealth
 + Level 4.1 Shields
 * Level 6.1 Spellcasting
 * Level 6.9 Conjurations
 - Level 0.7 Transmutations
 * Level 8.6 Earth Magic


You had 17 spell levels left.
You knew the following spells:

 Your Spells              Type           Power      Damage    Failure   Level
a - Sandblast             Erth           76%        2d16      1%          1
b - Stone Arrow           Conj/Erth      100%       3d13      1%          3

Your spell library contained the following spells:

 Spells                   Type           Power      Damage    Failure   Level
 Passwall                 Tmut/Erth      19%        N/A       2%          2
 Petrify                  Tmut/Erth      23%        N/A       16%         4
 Ensorcelled Hibernation  Hex/Ice        10%        N/A       17%         2
 Spider Form              Tmut/Pois      7%         N/A       28%         3
 Anguish                  Hex/Necr       2%         N/A       73%         4
 Summon Ice Beast         Ice/Summ       5%         N/A       73%         4
 Summon Lightning Spire   Summ/Air       5%         N/A       73%         4
 Summon Mana Viper        Hex/Summ       5%         N/A       97%         5
 Monstrous Menagerie      Summ           2%         N/A       100%        7
 Storm Form               Tmut/Air       3%         N/A       100%        7
 Maxwell's Capacitive Co  Air            2%         ∞         100%        8


Dungeon Overview and Level Annotations

Branches:
Dungeon (8/15)             Temple (1/1) D:4            Lair (0/6) D:8
  Sewer (visited)          Bailey (1/1)

Altars:
Ashenzari
Cheibriados
Dithmenos
Elyvilon
Fedhas
Gozag
Hepliaklqana
Kikubaaqudgha
Makhleb
Nemelex Xobeh
Okawaru
Ru
Sif Muna
Trog
Vehumet
Wu Jian
Xom
Yredelemnul
Zin
The Shining One

Shops:
D:4 [   D:5 *   D:8 [


Innate Abilities, Weirdness & Mutations

You are immune to sickness and miasma.
Your stone body is resilient. (AC +7)
You are immune to poison.
You resist negative energy. (rN+)
You are resistant to electric shocks. (rElec)
You are resistant to unholy torment.
You are immune to petrification.


Message History

You feel a surge of power!
The stone arrow hits the orc warrior!!
The orc warrior is severely wounded.
The orc warrior shouts!
You hear a shout!
The orc warrior shoots a bolt.
The bolt closely misses you.
Casting: Stone Arrow (safe; 1% risk of failure)
Confirm with . or Enter, or press ? or * to list all spells.
Aiming: Stone Arrow (safe; 1% risk of failure)
Press: ? - help, Shift-Dir - straight line, f/p - orc warrior
Aim: an orc warrior, wielding a +0 arbalest, wearing a +0 ring mail and quivering bolts (severely wounded, 72% to hit)
You feel a surge of power!
The stone arrow hits the orc warrior!!
You kill the orc warrior!
The orc warrior shouts!
The orc warrior shoots a bolt.
The bolt hits you!
The orc warrior shoots a bolt.
The bolt hits you but does no damage.
As you read the scroll of fog, it crumbles to dust.
The scroll dissolves into smoke.
The orc warrior shoots a bolt.
The bolt hits you!
The orc warrior shoots a bolt.
The bolt hits you but does no damage.
There is a gate leading back out of this place here.
Items here: ))) [[[ ÷÷.
Items here: ) [[ ÷÷.
The orc warrior shoots a bolt.
The bolt hits you! Why would you want to do that?
There are monsters nearby!
The orc shoots a bolt.
The bolt closely misses you.
The orc warrior shoots a bolt.
The bolt hits you!
The orc warrior shoots a bolt.
The bolt hits you.
* * * LOW HITPOINT WARNING * * *
Unknown command.
Casting: Stone Arrow (safe; 1% risk of failure)
Confirm with . or Enter, or press ? or * to list all spells.
Aiming: Stone Arrow (safe; 1% risk of failure)
Press: ? - help, Shift-Dir - straight line, f - orc warrior
Aim: an orc warrior, wielding a +0 arbalest, wearing a +3 ring mail and quivering bolts (72% to hit)
You feel a surge of power!
The stone arrow hits the orc warrior!!
The orc warrior is severely wounded.
The orc warrior shouts!
The orc shoots a bolt.
The bolt barely misses you.
The orc warrior shoots a bolt.
The bolt hits you!!
You die...

#####################
#∩...................
#.∩..................
#....................
#....................
#......≈≈≈≈≈@........
#.....≈≈###≈≈........
#.....≈##.##≈o.......
#.....≈#...o[........
#.....≈##.∩#≈.o......
#.....≈≈#.##≈......##
#......≈≈.≈≈≈...####
#...§....§..o..##
#......§§§....##


You could see 3 orc warriors and an orc.

Vanquished Creatures
  Prince Ribbit (D:6)
  Sigmund (D:2)
  A shadow (D:8)
  2 water moccasins (D:7)
  Menkaure (D:5)
  Duvessa (D:6)
  A black bear (D:5)
  2 orc warriors (Bailey)
  2 necrophages
  An ice beast (D:7)
  2 ogres
  A phantom (D:4)
  Blork the orc (D:6)
  4 bullfrogs
  4 scorpions
  A wyvern skeleton (D:7)
  Dowan (D:6)
  5 wights (D:7)
  7 howler monkeys
  A bullfrog zombie (D:5)
  A centaur zombie (D:8)
  4 orc priests
  5 hounds
  A jelly (D:8)
  2 iguanas
  Jessica (D:2)
  4 orc wizards (D:6)
  A hound skeleton (D:5)
  5 gnolls
  A howler monkey skeleton (D:7)
  9 river rats
  17 adders
  A white imp (D:4)
  2 ufetubi
  3 worms
  A dart slug (D:5)
  14 orcs
  6 endoplasms
  3 giant cockroaches
  3 goblins
  7 hobgoblins
  6 kobolds
  7 quokkas
  19 ball pythons
  4 bats
  4 frilled lizards
  28 rats
199 creatures vanquished.

Vanquished Creatures (others)
  3 plants (D:8)
3 creatures vanquished.

Grand Total: 202 creatures vanquished

Notes
Turn   | Place    | Note
-------+----------+-------------------------------------------
     0 | D:1      | Kaptain the Gargoyle Earth Elementalist began the quest for
                  | the Orb.
     0 | D:1      | Reached XP level 1. HP: 10/10 MP: 3/3
   128 | D:1      | Reached XP level 2. HP: 6/16 MP: 0/5
   396 | D:1      | Reached skill level 1 in Conjurations
   459 | D:1      | Found a snail-covered altar of Cheibriados.
   462 | D:1      | Reached skill level 1 in Fighting
   500 | D:1      | Reached XP level 3. HP: 19/20 MP: 3/6
   616 | D:2      | Reached skill level 4 in Earth Magic
  1106 | D:2      | Found a faded altar of an unknown god.
  1457 | D:2      | Noticed Sigmund
  1513 | D:2      | Learned a level 3 spell: Stone Arrow
  1531 | D:2      | Noticed Jessica
  1539 | D:2      | Killed Jessica
  1540 | D:2      | Reached XP level 4. HP: 16/25 MP: 0/7
  1688 | D:2      | Killed Sigmund
  1689 | D:2      | Reached skill level 1 in Armour
  1689 | D:2      | Reached XP level 5. HP: 28/31 MP: 1/9
  1689 | D:2      | Reached XP level 6. HP: 33/36 MP: 1/10
  3313 | D:4      | Found Xownoog's Antique Armour Emporium.
  3317 | D:4      | Reached skill level 5 in Earth Magic
  3575 | D:4      | Found a glowing drain.
  3579 | Sewer    | Entered a sewer
  3716 | Sewer    | Reached XP level 7. HP: 41/41 MP: 12/12
  4273 | Sewer    | Reached skill level 1 in Shields
  4750 | D:4      | Found a staircase to the Ecumenical Temple.
  4776 | Temple   | Entered the Ecumenical Temple
  5586 | D:5      | Entered Level 5 of the Dungeon
  5591 | D:5      | Noticed Menkaure
  5624 | D:4      | Reached skill level 6 in Earth Magic
  5749 | D:5      | Killed Menkaure
  5750 | D:5      | Reached XP level 8. HP: 48/48 MP: 6/14
  6471 | D:5      | Found Idamimoa's Assorted Antiques.
  7179 | D:6      | Reached skill level 5 in Conjurations
  7351 | D:6      | Noticed Blork the orc
  7356 | D:6      | Killed Blork the orc
  7357 | D:6      | Reached skill level 5 in Fighting
  7357 | D:6      | Reached skill level 7 in Earth Magic
  7483 | D:6      | Reached XP level 9. HP: 54/54 MP: 3/16
  7661 | D:6      | Noticed Duvessa
  7661 | D:6      | Noticed Dowan
  7691 | D:6      | Killed Duvessa
  7692 | D:6      | Reached skill level 5 in Spellcasting
  7787 | D:6      | Killed Dowan
  7854 | D:6      | Noticed Prince Ribbit
  7857 | D:6      | Killed Prince Ribbit
  9114 | D:7      | Reached skill level 8 in Earth Magic
  9615 | D:8      | Reached XP level 10. HP: 61/61 MP: 5/18
  9666 | D:8      | Found a staircase to the Lair.
  9708 | D:8      | Found Joyromat's Antique Armour Emporium.
  9860 | D:8      | Found a flagged portal.
  9870 | Bailey   | Entered a bailey
 10208 | Bailey   | Shot with a bolt by an orc warrior

Illustrated notes

Levels and vault maps discovered:
D:1:      amcnicky_arrival_gap_in_the_tavern_cellar, layout_rooms,
          kennysheep_flooded_box
D:2:      layout_loops_ring, shapermc_ecumenical_altar_notcrosses, uniq_jessica,
          uniq_sigmund
D:3:      layout_basic
D:4:      layout_cave_pools, minmay_temple_entry_slanted,
          gup_sewer_entry_spiral, serial_shops, nicolae_shop_crystal
D:5:      corexii_shack_village, layout_rooms, serial_shops, shop,
          minmay_crossroads, uniq_menkaure
D:6:      cheibrodos_iron_armory, layout_basic, minmay_misc_feat_enclosed,
          uniq_duvessa, uniq_prince_ribbit1, uniq_blork_the_orc
D:7:      layout_cave_pools
D:8:      layout_basic, david_lair_shrubbed, enter_bailey_2, serial_shops, shop,
          dk_noncrumbling_3
Temple:   mainiacjoe_temple_cubbyholes
Bailey:   bailey_polearm_2, bailey

Skill      XL: |  1  2  3  4  5  6  7  8  9 10 |
---------------+-------------------------------+-----
Conjurations   | 1 2 3 4 5 6 |  6.9
Fighting       | 1 2 3 4 5 6 |  6.8
Earth Magic    | 4 5 6 7 8 |  8.6
Armour         | 1 2 3 4 |  4.6
Dodging        | 2 |  2.4
Spellcasting   | 3 4 5 6 |  6.1
Shields        | 1 2 3 4 |  4.1
Stealth        | |  2.1
Transmutations | |  0.7

Action                   |  1- 3 |  4- 6 |  7- 9 | 10-12 || total
-------------------------+-------+-------+-------+-------++-------
Melee: Hand axe          |    46 |    21 |    95 |       ||   162
       Short sword       |       |       |    12 |     1 ||    13
 Cast: Sandblast         |    30 |    12 |    28 |       ||    70
       Stone Arrow       |     1 |    25 |   142 |    21 ||   189
Evoke: Wand              |       |    25 |     4 |       ||    29
  Use: Scroll            |       |     5 |    16 |     4 ||    25
       Potion            |       |       |     2 |       ||     2
Armor: Robe              |    13 |    17 |   163 |     5 ||   198
Dodge: Dodged            |    39 |    27 |   207 |     3 ||   276
